 Dungeon Crawl Stone Soup version 0.14-a0-181-gf6fe0c6 (webtiles) character file.

91 Malachi the Skirmisher (level 4, 0/39 HPs)
             Began as a Ghoul Fighter on Oct 7, 2013.
             Slain by an adder (4 damage)
             ... while paralysed by a potion of paralysis
             ... on Level 1 of the Dungeon.
             The game lasted 00:01:52 (756 turns).

Malachi the Skirmisher (Ghoul Fighter)               Turns: 756, Time: 00:01:53

HP   0/39        AC  6     Str 20      XL: 4   Next:  2%
MP   2/2         EV  2     Int  3      God:
Gold 33          SH  0     Dex  8      Spells:  0 memorised,  3 levels left

Res.Fire  : . . .   See Invis. : .   a - +0 mace
Res.Cold  : + . .   Warding    : .   b - +0 scale mail
Life Prot.: + + +   Conserve   : .   c - +0 shield
Res.Poison: +       Res.Corr.  : .   (no helmet)
Res.Elec. : .       Clarity    : .   (no cloak)
Sust.Abil.: . .     Spirit.Shd : .   (no gloves)
Res.Mut.  : .       Stasis     : .   (no boots)
Res.Rott. : +       Flight     : .   (no amulet)
Saprovore : + + +                    (no ring)
                                     (no ring)

@: paralysed, rotting, slightly resistant to hostile enchantments, extremely
unstealthy
A: rotting body, claws 1, carnivore 3, cold resistance 1, life protection 3,
poison resistance, saprovore 3, slow healing 1, torment resistance, unbreathing
a: no special abilities


You were on level 1 of the Dungeon.
You were not hungry.

You visited 1 branch of the dungeon, and saw 2 of its levels.

You collected 13 gold pieces.

Inventory:

Hand weapons
 a - a +0,+0 mace (weapon)
Armour
 b - a +0 scale mail (worn)
 c - a +0 shield (worn)
Comestibles
 g - 2 rotting chunks of jackal flesh
 i - 2 meat rations
 j - a chunk of giant cockroach flesh
 k - a chunk of hobgoblin flesh
 l - a chunk of adder flesh
 m - 2 chunks of hobgoblin flesh
 o - a rotting chunk of rat flesh
 r - a rotting chunk of giant newt flesh
 s - 4 rotting chunks of jackal flesh
 t - a chunk of kobold flesh
 u - a chunk of kobold flesh
Scrolls
 d - a scroll of random uselessness {unknown}
 e - a scroll of identify {unknown}
 f - a scroll of blinking {unknown}
 h - 4 scrolls of enchant weapon I {unknown}
 p - a scroll of remove curse {unknown}


   Skills:
 + Level 3.5 Fighting
 * Level 2.1 Maces & Flails
 + Level 3.3 Armour
 + Level 1.0 Dodging
 + Level 3.1 Shields


You had 3 spell levels left.
You didn't know any spells.

Dungeon Overview and Level Annotations

Branches:
Dungeon (2/27)

Altars:


Innate Abilities, Weirdness & Mutations

Your body is rotting away.
You have sharp fingernails.
You are carnivorous and can eat meat at any time.
Your flesh is cold resistant.
You are immune to negative energy.
Your system is resistant to poisons.
You thrive on rotten meat.
You heal slowly.
You are immune to unholy pain and torment.
You can survive without breathing.


Message History

* * * LOW HITPOINT WARNING * * *
The adder bites you.
* * * LOW HITPOINT WARNING * * *
You block the adder's attack. The adder barely misses you.
The adder bites you but does no damage. The adder completely misses you.
You block the adder's attack. You block the adder's attack.
The adder bites you.
* * * LOW HITPOINT WARNING * * *
Drink which item? (? for menu, Esc to quit)
You suddenly lose the ability to move!
It was a potion of paralysis.
The adder bites you.
* * * LOW HITPOINT WARNING * * *
The adder barely misses you. The adder bites you but does no damage.
The adder barely misses you. The adder bites you.
* * * LOW HITPOINT WARNING * * *
The adder bites you but does no damage.
You smell something rotten. (slot o)
The adder bites you.
You die...

######### #######
#.......# ......#
#.......# ......#
#.......# ......#
#%......#
......########.S@....#
...............S.....#
######
.................(...#
#...##
.....>########..##########
#...## ......#
####...#....###.....
......#
##...........##...##
.######
##)..#..<..#...##(.## .#
##...###...###...##...
.####### ##...## #####
##...####


You could see 2 adders.

Vanquished Creatures
  2 adders (D:1)
  A gnoll (D:1)
  An ooze (D:1)
  A ball python (D:1)
  7 hobgoblins (D:1)
  4 jackals (D:1)
  2 giant cockroaches (D:1)
  2 giant newts (D:1)
  4 kobolds (D:1)
  4 rats (D:1)
28 creatures vanquished.

Notes
Turn   | Place    | Note
--------------------------------------------------------------
     0 | D:1      | Malachi, the Ghoul Fighter, began the quest for the Orb.
     0 | D:1      | Reached XP level 1. HP: 19/19 MP: 0/0
    35 | D:1      | Reached XP level 2. HP: 21/26 MP: 1/1
   412 | D:1      | Reached XP level 3. HP: 23/32 MP: 2/2
   731 | D:1      | Reached skill level 1 in Dodging
   731 | D:1      | Reached XP level 4. HP: 30/39 MP: 2/2
   752 | D:1      | Paralysed by a potion of paralysis for 5 turns
   756 | D:1      | Slain by an adder

Action                   |  1- 3 |  4- 6 || total
-------------------------+-------+-------++-------
Melee: Mace              |   113 |     3 ||   116
  Use: Potion            |       |     1 ||     1
